Match 46559187
Unlisted

Match 46559187
End
Panzergrenadier Squad
Kradschützen Motorcycle Team
Panzergrenadier Squad
Construct Light Support Kompanie
Fire Support Elements
Flakvierling Half-track
Panzergrenadier Squad
Panzerjäger Mechanized Group
2.5-tonne Medical Truck
Vehicle Survival Package
Selects Armored Support Battlegroup
Selects Salvage Kits
Selects Panzer Storm
Selects Veteran Gunners
Construct Panzerarmee Kommand
Walking Stuka Rocket Launcher
Emergency Repair Kits
Panzer III L Medium Tank
Selects Stuka Anti-tank Loiter
Sad Pepe
gio_misro
台湾军区政治委员
悍匪发型不能乱
0
0

Comments sign in to comment!

No comments posted yet!